 Dungeon Crawl Stone Soup version 0.17-a0-1570-g74b7129 (webtiles) character file.

6049 urechis the Grappler (level 10, -1/104 HPs)
             Began as a Troll Monk on July 23, 2015.
             Killed from afar by Maurice (20 damage)
             ... with a wand of cold
             ... on level 8 of the Dungeon.
             The game lasted 00:17:20 (7179 turns).

urechis the Grappler (Troll Monk)                   Turns: 7179, Time: 00:17:21

Health: -1/104     AC:  6    Str: 24    XL:     10   Next: 57%
Magic:  9/9        EV: 10    Int:  6    God:
Gold:   345        SH:  0    Dex: 12    Spells: 0 memorised, 9 levels left

rFire  + + .     SeeInvis +       - Unarmed
rCold  . . .     Clarity  .     d - +0 robe {rC+ rF+}
rNeg   . . .     SustAt   .     (no shield)
rPois  .         Gourm    +     (helmet restricted)
rElec  .         Spirit   .     s - +0 cloak
rCorr  .         Warding  .     (gloves unavailable)
rMut   .         Stasis   .     (boots unavailable)
MR     .....                    (no amulet)
Stlth  +.........               q - ring of fire
                                m - ring of see invisible

@: not resistant to hostile enchantments, very unstealthy
A: unfitting armour, claws 3, fast metabolism 3, gourmand, regeneration 2,
shaggy fur 1, tough skin 2
a: no special abilities


You were on level 8 of the Dungeon.
You were not hungry.

You visited 2 branches of the dungeon, and saw 9 of its levels.
You also visited: Ossuary.

You collected 345 gold pieces.

Inventory:

Missiles
 h - 4 needles of confusion
 i - 23 poisoned needles
 o - 5 javelins (quivered)
 K - 8 tomahawks
 L - 2 throwing nets
 R - 3 javelins of returning
Armour
 d - a +0 robe of resistance (worn)
 s - a +0 cloak (worn)
Jewellery
 m - a ring of see invisible (left claw)
 q - a ring of fire (right claw)
Magical devices
 r - a wand of digging (5)
 t - a wand of frost (13)
 E - a wand of disintegration (12)
 F - a wand of disintegration (15)
 M - a wand of flame (29)
 S - a wand of disintegration (5)
 T - a wand of disintegration (14)
Scrolls
 g - 3 scrolls of random uselessness {unknown}
 l - 2 scrolls of enchant weapon {unknown}
 n - 2 scrolls of enchant armour {unknown}
 p - 2 scrolls of noise {unknown}
 v - 3 scrolls of magic mapping {unknown}
 w - 4 scrolls of amnesia {unknown}
 x - 2 scrolls of fear {unknown}
 y - 3 scrolls of remove curse {unknown}
 z - 2 scrolls of blinking {unknown}
 A - 6 scrolls of identify {unknown}
 D - 2 scrolls of teleportation {unknown}
 G - 2 scrolls of recharging {unknown}
 N - 2 scrolls of immolation {unknown}
Potions
 c - a potion of cancellation {unknown}
 e - 5 potions of curing {unknown}
 j - a potion of flight {unknown}
 u - 2 potions of ambrosia {unknown}
 B - 2 potions of poison {unknown}
 H - 2 potions of invisibility {unknown}
 I - 2 potions of lignification {unknown}
 J - 2 potions of might {unknown}
 O - a potion of resistance {unknown}
Books
 Q - an Akashic Record

   Spells                             Type                      Level
   a - Dispersal                      Translocation                6
   b - Controlled Blink               Translocation                7
   c - Malign Gateway                 Summoning/Translocation      7
   d - Disjunction                    Translocation                8
Comestibles
 a - a beef jerky
 b - 5 bread rations
 f - 3 royal jellies
 k - 2 slices of pizza
 P - a meat ration


   Skills:
 + Level 8.1 Fighting
 - Level 2.4 Dodging
 - Level 1.1 Stealth
 * Level 13.2 Unarmed Combat


You had 9 spell levels left.
You didn't know any spells.

Dungeon Overview and Level Annotations

Branches:
Dungeon (8/15)             Temple (1/1) D:6            Lair (0/8) D:8

Altars:
Ashenzari
Cheibriados
Dithmenos
Elyvilon
Fedhas
Gozag
Kikubaaqudgha
Makhleb
Nemelex Xobeh
Okawaru
Qazlal
Ru
Sif Muna
Trog
Vehumet
Xom
Yredelemnul
Zin
The Shining One
Beogh

Shops:
D:5 !   D:6 }   D:7 *

Annotations:
D:8 Maurice


Innate Abilities, Weirdness & Mutations

You are too large for most types of armour.
You have claws for hands.
Your metabolism is lightning-fast.
You like to eat raw meat.
You heal very quickly.
You are covered in fur (AC +1).
You have very tough skin (AC +2).


Message History

Maurice is moderately wounded.
Maurice hits you with a dagger.
Maurice steals your scroll labeled DYTOAS HISOU!
You mangle Maurice!!
Maurice is severely wounded.
Maurice hits you with a dagger.
Maurice steals your 3 murky ruby potions!
You scratch Maurice.
Maurice is almost dead.
You scratch Maurice.
Maurice is almost dead.
Maurice zaps a wand.
The bolt of cold hits you!
You scratch Maurice.
Maurice is almost dead.
Maurice zaps a wand.
The bolt of cold hits you!
* * * LOW HITPOINT WARNING * * *
You barely miss Maurice. Your claw misses Maurice.
Maurice is almost dead.
Maurice zaps a wand.
The bolt of cold hits you!
You die...

#. #. # #. #.##. #
.....
###########.######
..............@@#
#####......##.###.#
....#.#...........#
#.#.#.<....#†######r
#.#.#.÷..###.##.....
#.#.#...<###......#
#.#.#.÷..†......#.#
#.#.#....##...###
#.#......##...#


You could see Maurice (bleeding).

Vanquished Creatures
  A catoblepas (D:6)
  Pikel (D:6)
  The ghost of herpmino the Insei, an experienced DsGl (D:5)
  2 wraiths (Ossuary)
  A basilisk (D:8)
  A deep elf mage (D:6)
  A hippogriff (D:6)
  4 porcupines (D:8)
  A hungry ghost (D:7)
  The ghost of urechis the Ruffian, an average TrMo (D:3)
  An ice beast (D:5)
  4 orc warriors (D:6)
  A sky beast (D:6)
  2 phantoms
  3 ogres
  2 centaurs (D:6)
  A crocodile (D:8)
  4 giant frogs
  A wyvern zombie (D:6)
  A water moccasin skeleton (D:5)
  A scorpion (D:5)
  6 wights
  4 crimson imps
  A jelly (D:6)
  2 iguanas
  Crazy Yiuf (D:2)
  6 orc priests
  A giant frog skeleton (D:5)
  4 hounds
  4 orc wizards (D:6)
  5 worker ants
  Jessica (D:2)
  Terence (D:2)
  6 sheep
  3 hound zombies (D:6)
  4 gnolls (D:7)
  8 adders
  2 river rats (D:8)
  2 oozes
  An adder skeleton (D:7)
  2 adder zombies
  5 worms
  4 giant geckos
  45 orcs
  A ball python (D:3)
  6 giant cockroaches
  10 hobgoblins
  2 jackals
  14 kobolds
  2 ball python skeletons (Ossuary)
  12 bats
  A giant gecko skeleton (D:5)
  5 giant newts
  11 goblins
  A hobgoblin skeleton (Ossuary)
  2 kobold zombies (Ossuary)
  An orc skeleton (Ossuary)
  An orc zombie (Ossuary)
  3 quokkas
  16 rats
  A bush (D:1)
242 creatures vanquished.

Vanquished Creatures (others)
  4 toadstools (D:1)
4 creatures vanquished.

Grand Total: 246 creatures vanquished

Notes
Turn   | Place    | Note
--------------------------------------------------------------
     0 | D:1      | urechis the Troll Monk began the quest for the Orb.
     0 | D:1      | Reached XP level 1. HP: 22/22 MP: 0/0
   155 | D:1      | Reached XP level 2. HP: 26/29 MP: 1/1
   471 | D:1      | Reached XP level 3. HP: 36/36 MP: 2/2
   799 | D:2      | Noticed Terence
   812 | D:2      | Killed Terence
   812 | D:2      | Reached skill level 5 in Unarmed Combat
   861 | D:2      | Found a glowing golden altar of the Shining One.
   904 | D:2      | Reached XP level 4. HP: 45/45 MP: 3/3
   968 | D:2      | Noticed Jessica
   973 | D:2      | Killed Jessica
  1411 | D:2      | Noticed Crazy Yiuf
  1421 | D:2      | Killed Crazy Yiuf
  1421 | D:2      | Reached XP level 5. HP: 47/53 MP: 4/4
  1493 | D:3      | Noticed urechis's ghost (average TrMo)
  1735 | D:3      | Reached skill level 6 in Unarmed Combat
  2003 | D:3      | Reached XP level 6. HP: 59/62 MP: 5/5
  2324 | D:3      | Killed urechis's ghost
  2511 | D:4      | Reached skill level 7 in Unarmed Combat
  2542 | D:4      | Found a sand-covered staircase.
  2572 | Ossuary  | Entered an ossuary
  2663 | Ossuary  | Noticed a wraith
  2663 | Ossuary  | Noticed a flying skull
  2669 | Ossuary  | Noticed a flying skull
  2695 | Ossuary  | Noticed a flying skull
  2696 | Ossuary  | Noticed a flying skull
  2711 | Ossuary  | Reached XP level 7. HP: 60/71 MP: 6/6
  2724 | Ossuary  | Noticed a wraith
  2730 | Ossuary  | Killed a wraith
  2763 | Ossuary  | Noticed a wraith
  2769 | Ossuary  | Killed a wraith
  2769 | Ossuary  | Reached skill level 5 in Fighting
  2769 | Ossuary  | Reached skill level 8 in Unarmed Combat
  3336 | D:4      | Reached XP level 8. HP: 80/80 MP: 7/7
  3410 | D:5      | Entered Level 5 of the Dungeon
  3442 | D:5      | Noticed herpmino's ghost (experienced DsGl)
  3770 | D:5      | Found Tuomn's Distillery.
  3789 | D:5      | Reached skill level 9 in Unarmed Combat
  3968 | D:5      | Killed herpmino's ghost
  3987 | D:5      | Found a radiant altar of Vehumet.
  4138 | D:6      | Reached skill level 10 in Unarmed Combat
  4338 | D:6      | Found a runed door.
  4366 | D:6      | Reached XP level 9. HP: 25/89 MP: 8/8
  4511 | D:6      | Found a roughly hewn altar of Beogh.
  4599 | D:6      | Found Jeimocur's Gadget Shop.
  4622 | D:6      | Reached skill level 11 in Unarmed Combat
  4642 | D:6      | Noticed a catoblepas
  4909 | D:6      | Found a staircase to the Ecumenical Temple.
  5014 | Temple   | Entered the Ecumenical Temple
  5321 | D:6      | Killed a catoblepas
  5321 | D:6      | Reached skill level 12 in Unarmed Combat
  5400 | D:6      | Reached XP level 10. HP: 99/102 MP: 9/9
  5420 | D:6      | Found a stormy altar of Qazlal.
  5450 | D:6      | Found a snail-covered altar of Cheibriados.
  5524 | D:6      | Noticed Pikel
  5531 | D:6      | Killed Pikel
  6163 | D:7      | Found Gozag's Platinum Reserve.
  6164 | D:7      | Found an opulent altar of Gozag.
  6755 | D:8      | Noticed Maurice
  6957 | D:8      | Reached skill level 13 in Unarmed Combat
  7113 | D:8      | Found a staircase to the Lair.
  7179 | D:8      | Killed from afar by Maurice

Vault maps used:
D:1:      ldierk_water_garden
D:2:      tso_altar, uniq_terence, uniq_jessica, uniq_crazy_yiuf_cottage
D:3:      first_bread
D:4:      nicolae_ossuary_entry_false_entrances
D:5:      kennysheep_mini, serial_shops, shop
D:6:      hangedman_cross_stitches, kennysheep_little_box,
          overflow_temple_1_default, temple_hall, serial_shops, shop,
          lightli_church_of_beogh, uniq_pikel
D:7:      nicolae_gozag_zags_fifth_avenue
D:8:      minmay_lair_entry_grove, grunt_pizzeria, uniq_maurice
Temple:   water_room_temple_a_12
Ossuary:  ossuary_due_cavern

Action                   |  1- 3 |  4- 6 |  7- 9 | 10-12 || total
-------------------------+-------+-------+-------+-------++-------
Melee: Unarmed           |   117 |   159 |   296 |   140 ||   712
Throw: Javelin           |       |     3 |     3 |       ||     6
  Use: Potion            |       |       |     4 |     2 ||     6
 Stab: Sleeping          |     1 |     3 |     3 |       ||     7
       Petrified         |       |       |     1 |       ||     1
       Distracted        |       |       |       |     1 ||     1
  Eat: Chunk             |    11 |    18 |    26 |    13 ||    68
